 Dungeon Crawl Stone Soup version 0.18.1-6-gd335043 (webtiles) character file.

267326 kae the Impaler (level 20, -7/183 HPs)
             Began as a Naga Fighter on May 19, 2016.
             Was a High Priest of Cheibriados.
             Mangled by a merfolk
             ... wielding a +0 trident
              (18 damage)
             ... on level 4 of the Shoals.
             The game lasted 01:10:49 (44345 turns).

kae the Impaler (Naga Fighter)                     Turns: 44345, Time: 01:10:49

Health: -7/183     AC: 33    Str: 36    XL:     20   Next: 12%
Magic:  21/29      EV: 24    Int: 24    God:    Cheibriados [*****.]
Gold:   1179       SH:  0    Dex: 34    Spells: 0 memorised, 19 levels left

rFire  . . .     SeeInvis +     b - +9 halberd (drain)
rCold  + + .     Gourm    .     N - +8 chain mail {MR+}
rNeg   . . .     Faith    .     (shield currently unavailable)
rPois  +         Spirit   .     (no helmet)
rElec  .         Dismiss  .     p - +2 cloak
rCorr  .         Reflect  .     i - +2 pair of gloves
SustAt .         Harm     .     (no barding)
MR     +++++                    Q - amulet "Ilysh" {*Drain +Rage rC++ Str+4}
Stlth  +.........               K - ring "Fast" {MR+ Dex+4}
                                C - ring "Nymam" {MR+ Slay+3 Stlth+}

@: studying Spellcasting, very slow, almost entirely resistant to hostile
enchantments, very unstealthy
A: slimy green scales 1, see invisible, deformed body, poison resistance,
slowness 2, slow metabolism 1, spit poison 2, constrict 1, AC +6
a: Spit Poison, Bend Time, Temporal Distortion, Slouch, Step From Time, Renounce
Religion, Evoke Berserk Rage
}: 2/15 runes: serpentine, barnacled


You were on level 4 of the Shoals.
You worshipped Cheibriados.
Cheibriados was extremely pleased with you.
You were hungry.

You visited 6 branches of the dungeon, and saw 34 of its levels.
You also visited: Labyrinth.

You collected 2909 gold pieces.
You spent 1730 gold pieces at shops.

Inventory:

Hand Weapons
 a - a +0 trident
 b - a +9 halberd of draining (weapon)
Armour
 i - a +2 pair of gloves (worn)
 p - a +2 cloak (worn)
 N - a +8 chain mail of magic resistance (worn)
Jewellery
 j - an uncursed ring of sustain attributes
 s - an uncursed ring of positive energy
 v - an uncursed amulet of faith
 C - the ring "Nymam" (left hand) {MR+ Slay+3 Stlth+}
   (You bought it in a shop on level 4 of the Snake Pit)

   [ring of protection from magic]

   It affects your accuracy and damage with ranged weapons and melee attacks
   (+3).
   It affects your resistance to hostile enchantments.
   It makes you more stealthy.
 D - an uncursed ring of resist corrosion
 K - the ring "Fast" (right hand) {MR+ Dex+4}
   (You bought it in a shop on level 5 of the Dungeon)

   [ring of protection from magic]

   It affects your dexterity (+4).
   It affects your resistance to hostile enchantments.
 L - a +5 ring of protection
 M - a +5 ring of evasion
 Q - the amulet "Ilysh" (around neck) {*Drain +Rage rC++ Str+4}
   (You found it on level 2 of the Lair of Beasts)

   [amulet of rage]

   It affects your strength (+4).
   It greatly protects you from cold.
   It lets you go berserk.
   It causes draining when unequipped.
Wands
 y - a wand of disintegration (8/24)
 E - a wand of iceblast (6/15)
 H - a wand of flame (24/48)
 O - a wand of digging (12/24)
 R - a wand of flame (18/48)
 W - a wand of digging (10/24)
Scrolls
 d - 14 scrolls of identify
 g - 2 scrolls of holy word
 l - 2 scrolls of fog
 n - a scroll of teleportation
 t - 2 scrolls of magic mapping
 x - 2 scrolls of recharging
 A - 2 scrolls of enchant armour
 B - 19 scrolls of remove curse
 G - 2 scrolls of enchant weapon
 V - 4 scrolls of amnesia
 X - 2 scrolls of blinking
Potions
 c - 2 potions of flight
 e - 4 potions of cancellation
 h - 8 potions of brilliance
 k - 14 potions of curing
 o - 3 potions of mutation
 q - a potion of resistance
 r - 2 potions of lignification
 u - a potion of invisibility
 z - 2 potions of ambrosia
 F - a potion of agility
 J - a potion of cure mutation
 P - a potion of might
 S - a potion of magic
Books
 m - a manual of Spellcasting
 I - an Akashic Record

   Spells                             Type                      Level
   a - Dispersal                      Translocation                6
   b - Malign Gateway                 Summoning/Translocation      7
   c - Disjunction                    Translocation                8
   d - Controlled Blink               Translocation                8
 Y - the Almanac of Battle Magic
   (You found it on level 3 of the Shoals)

   Spells                             Type                      Level
   a - Flame Tongue                   Conjuration/Fire             1
   b - Throw Flame                    Conjuration/Fire             2
   c - Stone Arrow                    Conjuration/Earth            3
   d - Conjure Flame                  Conjuration/Fire             3
   e - Sticky Flame                   Conjuration/Fire             4
   f - Iskenderun's Mystic Blast      Conjuration                  4
Comestibles
 f - 14 bread rations
 w - 2 meat rations
 T - 2 slices of pizza


   Skills:
 - Level 12.0 Fighting
 - Level 18.0 Polearms
 + Level 15.5 Armour
 + Level 15.4 Dodging
   Level 2.4 Shields
 - Level 12.0 Invocations


You had 19 spell levels left.
You didn't know any spells.

Dungeon Overview and Level Annotations

Branches:
Dungeon (15/15)            Temple (1/1) D:4            Lair (8/8) D:8
 Shoals (4/4) Lair:4        Snake (4/4) Lair:4        Slime (0/6) Lair:6
    Orc (2/2) D:9             Elf (0/3) Orc:2        Vaults (0/5) D:14
 Depths (0/5) D:15

Altars:
Ashenzari
Cheibriados
Dithmenos
Elyvilon
Fedhas
Gozag
Kikubaaqudgha
Nemelex Xobeh
Okawaru
Pakellas
Ru
Sif Muna
Trog
Vehumet
Xom
Yredelemnul
Zin
The Shining One
Beogh
Jiyva

Shops:
D:5 *   D:6 *   D:8 %   D:10 *}%   Orc:2 !*?%   Shoals:1 %   Shoals:3 =
Shoals:4 [   Snake:1 }   Snake:3 *   Snake:4 =

Annotations:
Shoals:4 Ilsuiw


Innate Abilities, Weirdness & Mutations

You cannot wear boots.
Your serpentine skin is tough (AC +6).
You have supernaturally acute eyesight.
Armour fits poorly on your strangely shaped body.
Your system is resistant to poisons.
You cover ground very slowly.
You have a slow metabolism.
You can spit poison.
You can use your snake-like lower body to constrict enemies.
You are partially covered in slimy green scales (AC +2).


Message History

You close the door.
You feel sick.
A merfolk opens the door.
Drink which item? (? for menu, Esc to quit)
You feel better.
The merfolk hits you from afar with a trident!
* * * LOW HITPOINT WARNING * * *
Unknown command.
Unknown command.
Unknown command.
Read which item? (? for menu, Esc to quit)
As you read the scroll of fear, it crumbles to dust.
You assume a fearsome visage.
The merfolk easily resists.
The harpy looks frightened!
The merfolk completely misses you.
Attack whom?
Press: ? - help, Dir - move target cursor, f - merfolk
Aim: a merfolk, wielding a trident You reach to attack!
You closely miss the merfolk. The merfolk closely misses you.
The merfolk hits you but does no damage.
The merfolk hits you with a trident!!
You die...

≈≈≈≈≈≈≈≈≈≈≈≈≈≈≈≈≈≈≈≈≈≈≈≈≈≈≈≈≈≈≈≈≈
≈≈≈≈≈≈≈≈≈≈≈≈≈≈≈≈≈≈≈≈≈≈≈≈≈≈≈≈≈≈≈≈≈
≈≈≈≈≈≈≈≈≈≈≈≈≈≈≈≈≈≈≈≈≈≈≈≈≈≈≈≈≈≈≈≈≈
≈≈≈≈≈≈≈≈≈≈≈≈≈≈≈≈≈≈≈≈≈≈≈≈≈≈≈≈≈≈≈≈≈
≈≈≈≈≈≈≈≈≈≈≈≈≈≈≈≈≈≈≈≈≈≈≈≈≈≈≈≈≈≈≈≈≈
≈≈≈≈≈≈≈≈≈≈≈≈≈≈≈≈≈*####≈≈≈≈≈≈≈≈≈≈≈
≈≈≈≈≈≈≈≈≈≈≈≈≈≈≈≈##≈≈≈##≈≈≈≈≈≈≈≈≈≈
≈≈≈≈≈≈≈≈≈≈≈≈≈≈≈≈#≈≈≈≈≈#≈≈≈≈≈≈≈≈≈≈
H≈≈≈≈≈≈≈≈≈≈≈≈≈≈≈@≈≈)≈≈#≈≈≈≈≈≈≈≈≈≈
≈≈≈≈≈≈≈≈≈≈≈≈≈≈≈m#≈≈≈≈≈#≈≈≈≈≈≈≈≈≈≈
≈≈≈≈≈≈≈≈≈≈≈≈≈≈≈≈##≈≈≈##≈≈≈≈≈≈≈≈≈≈
≈≈≈≈≈≈≈≈≈≈≈≈≈≈≈≈P*####≈≈≈≈≈≈≈≈≈≈≈
≈≈≈≈≈≈≈≈≈≈≈≈≈≈≈≈≈≈≈≈≈≈≈≈≈≈≈≈≈≈≈≈≈
≈≈≈≈≈≈≈≈≈≈≈≈≈P≈≈≈≈≈≈≈≈≈≈≈≈≈≈≈≈≈≈≈
..≈≈≈≈≈≈≈≈≈≈≈≈≈≈≈≈P≈≈≈.....≈≈≈≈≈≈
...#####≈≈≈≈≈...≈≈≈≈P≈PP...PP≈≈≈≈
..##...##≈≈≈≈,,≈............≈≈≈≈≈


You could see a merfolk.

Vanquished Creatures
  Mara (Snake:3)
  Nikola (Snake:1)
  Polyphemus (Shoals:4)
  Agnes (Snake:1)
  Frances (D:13)
  2 krakens
  9 greater nagas
  Maud (Lair:5)
  Donald (Snake:1)
  Aizul (Snake:1)
  A dire elephant (D:15)
  Snorg (D:11)
  5 merfolk javelineers
  A minotaur (Lab)
  7 merfolk impalers
  Josephine (Lair:8)
  2 vault guards (D:14)
  10 hydras
  4 merfolk avatars
  A catoblepas (Shoals:4)
  2 alligator snapping turtles (Shoals:4)
  21 naga warriors
  17 anacondas
  3 centaur warriors
  A satyr (Shoals:3)
  3 merfolk aquamancers
  6 death yaks
  A death knight (D:12)
  2 tengu warriors (D:12)
  3 ogre magi
  A queen ant (Lair:7)
  10 shock serpents
  18 naga sharpshooters
  A shadow wraith (D:15)
  2 deep trolls (Orc:2)
  The ghost of epen the Envoy of Void, a novice DsAK of Lugonu (D:7)
  2 salamander mystics
  9 naga ritualists
  15 sea snakes
  6 hill giants
  4 lindwurms (D:13)
  8 harpies
  3 orc knights
  Pikel (D:4)
  3 necromancers
  14 mana vipers
  2 wizards (D:14)
  An orc sorcerer (Orc:2)
  11 manticores
  2 deep elf magi
  8 cyclopes
  20 salamanders
  14 ugly things
  10 griffons
  10 fauns
  The ghost of kae the Poker, a novice NaFi (D:4)
  7 sirens
  3 guardian serpents
  41 black mambas
  5 water nymphs
  34 naga magi
  2 gargoyles
  2 torpor snails
  An efreet (D:15)
  14 spiny frogs
  The ghost of Kite the Sneak, a novice SpEn of Gozag (D:6)
  4 kobold demonologists
  A rime drake (Lair:8)
  6 centaur skeletons
  6 komodo dragons
  4 yaktaurs (D:15)
  A spriggan druid (Lair:8)
  A tengu conjurer (D:12)
  31 merfolk
  14 trolls
  5 polar bears
  A boulder beetle (Lair:8)
  4 wind drakes
  A hornet zombie (D:14)
  A wolf spider simulacrum (D:15)
  9 snapping turtles
  Prince Ribbit (D:7)
  11 two-headed ogres
  13 blink frogs
  12 slime creatures
  3 redbacks (Lair:8)
  5 wraiths (Lair:8)
  57 yaks
  3 vampires
  5 basilisks
  3 wyverns
  10 water elementals
  2 shadows
  11 spriggans (Lair:8)
  21 humans
  2 hungry ghosts
  17 hippogriffs
  Menkaure (D:5)
  48 nagas
  A mottled dragon (D:15)
  8 soldier ants
  Duvessa (D:4)
  6 wargs
  13 porcupines
  15 water moccasins
  26 orc warriors
  4 ice beasts
  4 sky beasts
  4 slaves (D:4)
  4 black bears (Lair:8)
  An eye of draining (D:13)
  4 phantoms
  3 wasps (Lair:8)
  39 ogres
  43 wolves
  2 necrophages
  19 centaurs
  21 crocodiles
  4 big kobolds
  16 giant frogs
  A wyvern zombie (D:12)
  A gnoll sergeant (D:5)
  Dowan (D:4)
  3 scorpions
  15 killer bees
  9 wights
  3 howler monkeys
  12 crimson imps
  2 giant frog zombies
  2 quasits (D:9)
  3 centaur zombies
  5 jellies
  30 orc wizards
  Crazy Yiuf (D:4)
  20 orc priests
  8 hounds
  3 gnoll shamans
  2 giant frog skeletons
  12 iguanas
  A polar bear simulacrum (Lair:4)
  34 worker ants
  4 yak simulacra (Lair:4)
  5 hell rats (Lair:3)
  40 sheep
  5 wolf simulacra (Lair:4)
  A hound zombie (D:7)
  A hound skeleton (D:8)
  49 gnolls
  16 adders
  92 river rats
  2 shadow imps
  An ooze (D:1)
  A worm (D:2)
  3 giant geckos
  91 orcs
  7 bats
  2 giant cockroaches
  8 goblins
  4 hobgoblins
  27 jackals
  9 quokkas
  A ball python (D:3)
  A giant gecko skeleton (D:4)
  4 giant newts
  2 jackal skeletons
  A jackal zombie (D:7)
  19 kobolds
  2 quokka skeletons
  6 rats
  A river rat simulacrum (Lair:4)
  A butterfly (Lair:2)
  3 fungi (Lair:8)
  3 plants
  7 tentacles
1537 creatures vanquished.

Vanquished Creatures (others)
  A spriggan (Lair:8)
  52 fungi
  29 plants
  17 tentacles
  490 tentacle segments
589 creatures vanquished.

Grand Total: 2126 creatures vanquished

Notes
Turn   | Place    | Note
--------------------------------------------------------------
     0 | D:1      | kae the Naga Fighter began the quest for the Orb.
     0 | D:1      | Reached XP level 1. HP: 21/21 MP: 1/1
    31 | D:1      | HP: 1/21 [jackal (2)]
    32 | D:1      | Reached XP level 2. HP: 2/28 MP: 2/2
   450 | D:1      | Reached skill level 3 in Polearms
   844 | D:2      | Reached XP level 3. HP: 23/34 MP: 3/3
  1656 | D:3      | Reached skill level 4 in Polearms
  1705 | D:3      | Noticed a giant frog
  1710 | D:3      | Killed a giant frog
  1710 | D:3      | Reached XP level 4. HP: 31/42 MP: 2/4
  1710 | D:3      | Reached XP level 5. HP: 36/49 MP: 2/5
  1827 | D:3      | Reached skill level 5 in Polearms
  2676 | D:4      | Found a staircase to the Ecumenical Temple.
  2769 | D:4      | Reached XP level 6. HP: 25/57 MP: 3/6
  2778 | D:4      | Found a basalt altar of Yredelemnul.
  2782 | Temple   | Entered the Ecumenical Temple
  2939 | Temple   | Became a worshipper of Cheibriados the Contemplative
  2968 | D:4      | Noticed a slave
  2970 | D:4      | Noticed a slave
  2971 | D:4      | Noticed Pikel
  2973 | D:4      | Noticed a slave
  2977 | D:4      | Noticed a slave
  2982 | D:4      | Noticed kae's ghost (novice NaFi)
  3325 | D:4      | Killed a slave
  3502 | D:4      | Noticed Crazy Yiuf
  3510 | D:4      | Killed Crazy Yiuf
  3657 | D:4      | HP: 1/57 [kae's ghost (10)]
  3658 | D:4      | Killed kae's ghost
  3658 | D:4      | Reached skill level 5 in Fighting
  3658 | D:4      | Reached skill level 7 in Polearms
  3658 | D:4      | Reached XP level 7. HP: 2/67 MP: 0/7
  4341 | D:4      | Noticed Duvessa
  4341 | D:4      | Noticed Dowan
  4373 | D:4      | Killed Duvessa
  4390 | D:4      | Killed Dowan
  4772 | D:4      | Reached XP level 8. HP: 59/75 MP: 5/8
  4816 | D:4      | Reached skill level 8 in Polearms
  4886 | D:4      | Found a glowing silver altar of Zin.
  4886 | D:4      | Found an oddly glowing altar of Pakellas.
  4928 | D:4      | Reached * piety under Cheibriados
  5215 | D:4      | Killed Pikel
  5215 | D:4      | Reached skill level 9 in Polearms
  5400 | D:5      | Entered Level 5 of the Dungeon
  5405 | D:5      | Gained mutation: You are partially covered in slimy green scales (AC +2). [potion of beneficial mutation]
  5514 | D:5      | Noticed Menkaure
  5525 | D:5      | Killed Menkaure
  5539 | D:5      | Reached XP level 9. HP: 54/85 MP: 9/9
  5677 | D:5      | Reached ** piety under Cheibriados
  5711 | D:5      | Found an iron altar of Okawaru.
  5748 | D:5      | Reached skill level 10 in Polearms
  5808 | D:5      | Found Eluzusow's Assorted Antiques.
  5813 | D:5      | Bought a scroll of identify for 40 gold pieces
  5813 | D:5      | Bought a scroll of identify for 40 gold pieces
  5934 | D:5      | Found an opulent altar of Gozag.
  5978 | D:5      | Found a shadowy altar of Dithmenos.
  6254 | D:5      | Reached *** piety under Cheibriados
  6475 | D:5      | Reached **** piety under Cheibriados
  6845 | D:6      | Noticed Kite's ghost (novice SpEn)
  6855 | D:5      | Reached skill level 11 in Polearms
  7232 | D:6      | Reached ***** piety under Cheibriados
  7286 | D:6      | Killed Kite's ghost
  7286 | D:6      | Reached XP level 10. HP: 69/97 MP: 6/10
  7471 | D:6      | Found Rileaxte's Assorted Antiques.
  7477 | D:6      | Bought a scroll of identify for 60 gold pieces
  7477 | D:6      | Bought a scroll of identify for 60 gold pieces
  7609 | D:6      | Found an ancient bone altar of Kikubaaqudgha.
  8047 | D:7      | Noticed epen's ghost (novice DsAK)
  8052 | D:7      | Killed epen's ghost
  8052 | D:7      | Reached skill level 12 in Polearms
  8223 | D:7      | Noticed Prince Ribbit
  8227 | D:7      | Killed Prince Ribbit
  8834 | D:8      | Reached ****** piety under Cheibriados
  8996 | D:8      | Found a staircase to the Lair.
  9110 | D:8      | Found Qeufye's Food Boutique.
  9400 | Lair:1   | Entered Level 1 of the Lair of Beasts
  9464 | Lair:1   | Reached skill level 13 in Polearms
  9489 | Lair:1   | Reached XP level 11. HP: 36/107 MP: 6/11
  9910 | Lair:1   | Reached skill level 10 in Fighting
 11060 | Lair:1   | Reached skill level 14 in Polearms
 11358 | Lair:2   | You fall through a shaft for 2 floors!
 11400 | Lair:3   | Reached skill level 1 in Invocations
 11503 | Lair:3   | Found a labyrinth entrance.
 11517 | Lab      | Entered a labyrinth
 11837 | Lab      | Noticed a minotaur
 11839 | Lab      | Was placed under penance by Cheibriados
 11845 | Lab      | Killed a minotaur
 11863 | Lab      | Was forgiven by Cheibriados
 12606 | Lair:3   | Found a runed door.
 12688 | Lair:3   | Reached skill level 5 in Invocations
 12853 | Lair:3   | Noticed a five-headed hydra
 13190 | Lair:3   | Killed a five-headed hydra
 13190 | Lair:3   | Reached XP level 12. HP: 36/120 MP: 3/16
 14630 | Lair:4   | Found a staircase to the Shoals.
 14743 | Lair:4   | Found a staircase to the Snake Pit.
 16607 | Lair:5   | Noticed Maud
 16617 | Lair:5   | Killed Maud
 16617 | Lair:5   | Reached skill level 15 in Polearms
 17012 | Lair:5   | Noticed a four-headed hydra
 17023 | Lair:5   | Killed a four-headed hydra
 17023 | Lair:5   | Gained mutation: You can use your snake-like lower body to constrict enemies. [Naga growth]
 17023 | Lair:5   | Reached XP level 13. HP: 63/129 MP: 8/19
 17964 | Lair:6   | Reached skill level 16 in Polearms
 18719 | Lair:6   | Found a viscous altar of Jiyva.
 18720 | Lair:6   | Found a staircase to the Slime Pits.
 18792 | Lair:6   | Reached skill level 10 in Invocations
 19825 | Lair:7   | Found a shimmering altar of Xom.
 19990 | Lair:8   | Entered Level 8 of the Lair of Beasts
 20034 | Lair:8   | Reached skill level 17 in Polearms
 20085 | Lair:8   | Reached XP level 14. HP: 23/138 MP: 4/22
 20760 | Lair:8   | Noticed Josephine
 20764 | Lair:8   | Killed Josephine
 21657 | Lair:8   | Found a glowing silver altar of Zin.
 22261 | Lair:8   | Reached skill level 18 in Polearms
 22786 | Lair:8   | Reached skill level 1 in Dodging
 23327 | Lair:2   | Got a shimmering diamond amulet
 24136 | Lair:1   | Identified the amulet "Ilysh" {*Drain +Rage rC++ Str+4} (You found it on level 2 of the Lair of Beasts)
 24375 | D:9      | Found a deep blue altar of Sif Muna.
 24482 | D:9      | Found a staircase to the Orcish Mines.
 24859 | D:10     | Entered Level 10 of the Dungeon
 25105 | D:10     | Found a basalt altar of Yredelemnul.
 25129 | D:10     | Found Raip Oci's Food Emporium.
 25148 | D:10     | Found Cakhlafim's Gadget Shoppe.
 25211 | D:10     | Found Fiowureg's General Store.
 25813 | Orc:1    | Entered Level 1 of the Orcish Mines
 25957 | Orc:1    | Found a roughly hewn altar of Beogh.
 26045 | Orc:1    | Reached skill level 5 in Armour
 26045 | Orc:1    | Reached XP level 15. HP: 113/144 MP: 24/24
 26133 | Orc:2    | Entered Level 2 of the Orcish Mines
 26463 | Orc:2    | Reached skill level 5 in Dodging
 26786 | Orc:2    | Found Itues's Distillery.
 26787 | Orc:2    | Found Vesma's Assorted Antiques.
 26793 | Orc:2    | Found Nuango's Food Shoppe.
 27140 | Orc:2    | Bought a scroll labeled COPPEGHEPOC for 30 gold pieces
 27146 | Orc:2    | Found a staircase to the Elven Halls.
 27404 | Orc:2    | Found Yrphomm's Magic Scroll Emporium.
 27410 | Orc:2    | Bought a potion of curing for 42 gold pieces
 27428 | Orc:2    | Bought a scroll of brand weapon for 300 gold pieces
 27428 | Orc:2    | Bought a scroll of identify for 30 gold pieces
 28270 | D:11     | Noticed Snorg
 28277 | D:11     | Killed Snorg
 29049 | D:13     | Noticed Frances
 29386 | D:13     | Killed Frances
 30255 | D:13     | Reached XP level 16. HP: 152/152 MP: 25/25
 30483 | D:5      | Bought a clouded pewter ring for 100 gold pieces
 30483 | D:5      | Bought a potion of heal wounds for 100 gold pieces
 30483 | D:5      | Bought a knobbly glass ring for 100 gold pieces
 30483 | D:5      | Identified the ring "Fast" {MR+ Dex+4} (You bought it in a shop on level 5 of the Dungeon)
 30562 | D:6      | Bought a bone ring for 150 gold pieces
 31119 | D:14     | Identified the Incunabulum of Congealing Evil Rituals
 31239 | D:14     | Found a gate to the Vaults.
 31657 | D:15     | Entered Level 15 of the Dungeon
 32496 | D:15     | Reached skill level 10 in Armour
 32496 | D:15     | Reached skill level 10 in Dodging
 32510 | D:15     | Found a staircase to the Depths.
 33287 | Snake:1  | Entered Level 1 of the Snake Pit
 33287 | Snake:1  | Noticed Nikola
 33296 | Snake:1  | Killed Nikola
 33331 | Snake:1  | Noticed Aizul
 33339 | Snake:1  | Killed Aizul
 33691 | Snake:1  | Noticed Donald
 33696 | Snake:1  | Reached XP level 17. HP: 158/159 MP: 26/26
 33706 | Snake:1  | Killed Donald
 34161 | Snake:1  | Noticed Agnes
 34166 | Snake:1  | Killed Agnes
 34168 | Snake:1  | Found Uvan's Gadget Emporium.
 34931 | Snake:2  | Found a sparkling altar of Nemelex Xobeh.
 36717 | Snake:3  | Found an iron altar of Okawaru.
 36767 | Snake:3  | Noticed Mara
 36775 | Snake:3  | Noticed kae's illusion
 37225 | Snake:3  | Reached XP level 18. HP: 151/168 MP: 27/27
 37494 | Snake:4  | Entered Level 4 of the Snake Pit
 38445 | Snake:4  | Got a serpentine rune of Zot
 38652 | Snake:4  | Found Xoanoj's Jewellery Shoppe.
 38683 | Snake:4  | Bought the ring "Nymam" {MR+ Slay+3 Stlth+} for 568 gold pieces
 39477 | Snake:3  | Found Warovearph's General Store.
 39630 | Snake:3  | Reached XP level 19. HP: 169/175 MP: 28/28
 39650 | Snake:3  | Noticed kae's illusion
 39681 | Snake:3  | Killed Mara
 40216 | Shoals:1 | Entered Level 1 of the Shoals
 40407 | Shoals:1 | Found Nifuekan's Food Boutique.
 40748 | Shoals:2 | You fall through a shaft!
 41824 | Shoals:3 | Found a deep blue altar of Sif Muna.
 41908 | Shoals:3 | Found Zeboti's Jewellery Shoppe.
 41916 | Shoals:3 | Bought a cursed -2 ring of strength for 34 gold pieces
 41916 | Shoals:3 | Bought a cursed ring of teleportation for 76 gold pieces
 42218 | Shoals:3 | Reached skill level 15 in Armour
 42436 | Shoals:3 | Found a blossoming altar of Fedhas.
 42520 | Shoals:3 | Identified the Almanac of Battle Magic
 42837 | Shoals:4 | Entered Level 4 of the Shoals
 42858 | Shoals:4 | Reached skill level 15 in Dodging
 42991 | Shoals:4 | Found Goata's Armour Shop.
 43556 | Shoals:4 | Noticed Polyphemus
 43606 | Shoals:4 | Killed Polyphemus
 43993 | Shoals:4 | Reached XP level 20. HP: 176/183 MP: 29/29
 44289 | Shoals:4 | Got a barnacled rune of Zot
 44329 | Shoals:4 | Noticed Ilsuiw
 44345 | Shoals:4 | Mangled by a merfolk

Skill      XL: |  1  2  3  4  5  6  7  8  9 10 11 12 13 14 15 16 17 18 19 |
---------------+----------------------------------------------------------+-----
Polearms       | 3 4 5 7 9 11 13 14 15 17 18 | 18.0
Fighting       | 4 5 6 8 9 11 12 | 12.0
Invocations    | 5 8 10 12 | 12.0
Dodging        | 4 8 10 12 13 15 | 15.4
Armour         | 5 8 10 12 14 15 | 15.5
Shields        | |  2.4

Action                   |  1- 3 |  4- 6 |  7- 9 | 10-12 | 13-15 | 16-18 | 19-21 || total
-------------------------+-------+-------+-------+-------+-------+-------+-------++-------
Melee: Trident           |   132 |   197 |   304 |    75 |    12 |       |       ||   720
       Halberd           |       |       |   175 |   666 |  1291 |  1121 |   590 ||  3843
       Constrict         |       |       |       |       |   258 |   187 |    74 ||   519
Invok: Bend Time         |       |       |     1 |     7 |     1 |     2 |       ||    11
       Slouch            |       |       |       |       |     9 |     9 |     5 ||    23
       Temporal Distorti |       |       |       |       |     1 |       |       ||     1
       Step From Time    |       |       |       |       |       |     1 |     2 ||     3
 Abil: Spit Poison       |       |     1 |     7 |    10 |     4 |     7 |     7 ||    36
Evoke: Wand              |       |       |       |       |     8 |       |       ||     8
  Use: Scroll            |     2 |     8 |     5 |    15 |    30 |     9 |     4 ||    73
       Potion            |       |     5 |     2 |     4 |     7 |     4 |     4 ||    26
 Stab: Distracted        |       |       |     1 |     2 |       |       |       ||     3
       Sleeping          |       |       |       |     1 |       |       |       ||     1
       Petrified         |       |       |       |       |       |       |     4 ||     4
  Eat: Chunk             |       |     4 |     5 |    15 |    25 |     7 |    11 ||    67
       Fruit             |       |     3 |       |     1 |       |       |       ||     4
       Bread ration      |       |       |     1 |       |     1 |     3 |       ||     5
       Pizza             |       |       |       |     2 |       |       |       ||     2
       Beef jerky        |       |       |       |     1 |       |       |       ||     1
       Meat ration       |       |       |       |       |     1 |       |       ||     1
       Royal jelly       |       |       |       |       |       |     1 |       ||     1
Armor: Scale mail        |    70 |    70 |   128 |   287 |       |       |       ||   555
       Chain mail        |       |       |       |    15 |   720 |   353 |   275 ||  1363
       Skin              |       |       |       |       |    73 |       |       ||    73
Dodge: Dodged            |    36 |    46 |   105 |   288 |   606 |  1023 |   669 ||  2773
Block: Shield            |    75 |    94 |   106 |       |       |       |       ||   275
